 Dungeon Crawl Stone Soup version 0.29-a0-284-gf9362112df (webtiles) character file.

Game seed: 2866335623048083846

1619 spaghetti the Fighter (level 8, 0/138 HPs)
             Began as an Ogre Berserker on Mar 25, 2022.
             Was a Priest of Trog.
             Slain by a vault guard
             ... wielding a +0 broad axe
              (4 damage)
             ... in a bailey.
             The game lasted 00:07:44 (4850 turns).

spaghetti the Fighter (Ogre Berserker)              Turns: 4850, Time: 00:07:45

Health: 0/138      AC:  5    Str: 24    XL:     8   Next: 96%
Magic:  8/8        EV: 12    Int:  8    God:    Trog [***...]
Gold:   221        SH:  0    Dex: 17    Spells: 7/7 levels left

rFire   . . .      SeeInvis .   a - +8 short sword of Dithmenos's Approval {venom, Fly rElec Will- Dex+3, short}
rCold   + . .      Faith    +   (no shield)
rNeg    . . .      Spirit   .   u - +0 troll leather armour {Pargi}
rPois   .          Reflect  .   (helmet restricted)
rElec   +          Harm     +   h - scarf {harm}
rCorr   .          Rampage  .   (gloves unavailable)
Will    .....                   (boots unavailable)
Stlth   ..........              E - amulet of faith {!P}
HPRegen 1.13/turn               l - ring of protection from cold
MPRegen 0.11/turn               e - +6 ring of dexterity

@: berserking (expiring), flying, very quick
A: large, unfitting armour, tough skin 1
a: Renounce Religion, Berserk, Trog's Hand


You were in a bailey.
You worshipped Trog.
Trog was most pleased with you.
You visited 1 branch of the dungeon, and saw 7 of its levels.
You also visited: Sewer and Bailey.

You collected 335 gold pieces.
You spent 114 gold pieces at shops.


Innate Abilities, Weirdness & Mutations

You are too large for most types of armour.
You have tough skin. (AC +1)


   Skills:
 + Level 9.4 Fighting
 - Level 4.8 Maces & Flails
 - Level 5.0 Throwing
 + Level 5.8 Dodging


You had 7 spell levels left.
You didn't know any spells.
Your spell library contained the following spells:

 Spells                   Type           Power      Damage    Failure   Level
 Magic Dart               Conj           0%         1d3       45%         1
 Call Imp                 Summ           0%         N/A       58%         2
 Ignite Poison            Fire/Tmut/Pois 0%         N/A       83%         3
 Mephitic Cloud           Conj/Pois/Air  0%         N/A       83%         3
 Blade Hands              Tmut           0%         N/A       100%        5
 Freezing Cloud           Conj/Ice/Air   0%         6-21      100%        5
 Irradiate                Conj/Tmut      0%         3d13      100%        5
 Dragon Form              Tmut           0%         N/A       100%        7

Inventory:

Hand Weapons
 a - the +8 short sword of Dithmenos's Approval (weapon) {venom, Fly rElec Will- Dex+3, short}
   (You found it on level 3 of the Dungeon)

   It poisons the flesh of those it strikes.
   Dex:       It affects your dexterity (+3).
   rElec:     It insulates you from electricity.
   Fly:       It grants you flight.
   Will:      It decreases your willpower.
 b - a +2 mace of protection {mace}
   (You bought it in a shop on level 3 of the Dungeon)
 t - a +0 great mace {mace}
   (You found it on level 3 of the Dungeon)
Missiles
 c - 6 poisoned darts {throwing}
 g - 188 stones (quivered) {throwing}
 F - 4 atropa-tipped darts {throwing}
 G - 6 javelins {throwing}
 I - 5 boomerangs {throwing}
Armour
 h - a scarf of harm (worn)
   (You found it on level 1 of the Dungeon)
 q - a +0 animal skin
 u - a +0 troll leather armour (worn) {Pargi}
   (You found it in a sewer)
Magical Staves
 C - a staff of cold {forbidden!astaff}
   (You found it on level 4 of the Dungeon)
Jewellery
 e - a +6 ring of dexterity (right hand)
   (You found it in a sewer)
 l - a ring of protection from cold (left hand)
   (You found it on level 3 of the Dungeon)
 y - a ring of positive energy
   (You found it on level 4 of the Dungeon)
 E - an amulet of faith (around neck) {!P}
   (You found it on level 5 of the Dungeon)
 H - a ring of protection from fire
   (You found it on level 6 of the Dungeon)
Wands
 s - a wand of charming (10)
   (You found it in a sewer)
 J - a wand of flame (15)
   (You found it on level 6 of the Dungeon)
Scrolls
 f - 2 scrolls of teleportation {@r4}
 i - 2 scrolls of fear
 n - 2 scrolls of enchant weapon
 p - 2 scrolls of fog
 v - a scroll of immolation {unknown}
 w - a scroll of noise {unknown}
 A - 2 scrolls of summoning
Potions
 d - 3 potions of lignification {unknown}
 j - 2 potions of degeneration {unknown}
 m - a potion of mutation {unknown}
 o - a potion of haste {unknown}
 r - 3 potions of heal wounds {unknown}
 x - a potion of cancellation {unknown}
 z - 2 potions of curing {unknown}
 B - 2 potions of brilliance {unknown}
 D - 3 potions of flight {unknown}

Dungeon Overview and Level Annotations

Branches:
Dungeon (7/15)             Temple (0/1) D:4           Sewer (visited)
 Bailey (1/1)

Altars:
Okawaru

Shops:
D:3 (   D:4 (

Annotations:
Bailey Prince Ribbit

### ###.+ ##≈.≈# ##≈≈.≈#
#≈≈≈.≈## #######≈..≈≈###
######
##?....##.≈.≈≈≈####≈≈#..
#[?.....#....≈≈≈≈≈≈≈≈#..
#!...∩p@F.....≈≈≈≈)..†..
#!!.....#.........)..#..
##?....##...≈....≈≈≈≈#..
#######≈...≈..≈≈≈######
#≈≈≈≈≈≈≈≈≈≈≈##....
##≈≈≈≈≈≈≈≈≈≈≈#....
##≈≈≈≈≈≈≈≈≈##+#..
###≈≈≈≈≈### ### ######


You could see a vault guard (extremely poisoned) and Prince Ribbit (very
poisoned).


Message History

You regained 2 hp, and now have 86/92 hp.
You hit the human.
You kill the human!
Trog accepts your kill. The goblin hits you with a +0 hand axe.
The goblin misses you.
Training target 5.0 for Throwing reached!
Your Throwing skill increases to level 5! 😕 HP[-3]
You take 3 damage, and now have 83/92 hp.
You hit the goblin.
The goblin is poisoned.
You kill the goblin!
Trog accepts your kill.
You hear a splash. x2 😕 HP[+1] No target in view!
No target in view!
No target in view!
No target in view!
No target in view!
No target in view!
No target in view!
No target in view!
No target in view!
No target in view!
No target in view!
No target in view!
No target in view!
Items here: )) [[ †. 😎 HP[+8]
Your hp is fully restored (92).
Items here: )) [[ †.
Items here: )) [[ †.
You reach down and open the door.
A vault guard and Prince Ribbit come into view.
Prince Ribbit croaks.
Prince Ribbit sighs, "It's not easy being green!"
Prince Ribbit blinks!
Prince Ribbit moves out of view.
Found three items.
Found a gate leading back out of this place.
There is an open door here.
A red film seems to cover your vision as you go berserk!
You feel yourself moving faster!
You feel mighty! 😎 HP[+46]
You now have 138 max hp (+46).
Your hp is fully restored (138).
You feel a strong urge to attack something.
Prince Ribbit blinks!
You puncture the vault guard!
The vault guard looks as sick as possible!
Prince Ribbit closely misses you.
The vault guard hits you with a +0 broad axe! 😕 HP[-13]
You take 13 damage, and now have 125/138 hp.
You completely miss the vault guard. Prince Ribbit hits you. 😕 HP[-6]
You take 6 damage, and now have 119/138 hp.
You puncture the vault guard!
The vault guard looks as sick as possible!
Prince Ribbit hits you.
The vault guard hits you with a +0 broad axe!! 😮 HP[-29]
You take 29 damage, and now have 90/138 hp.
MASSIVE DAMAGE!! (PAUSE)
You barely miss Prince Ribbit. Prince Ribbit hits you!
The vault guard barely misses you. 😮 HP[-9]
You take 9 damage, and now have 81/138 hp.
You puncture Prince Ribbit!
Prince Ribbit is poisoned.
Prince Ribbit catches a moth with his tongue.
Prince Ribbit blinks!
The vault guard hits you with a +0 broad axe! 😮 HP[-7]
You take 7 damage, and now have 74/138 hp.
You hit the vault guard but do no damage.
The vault guard looks as sick as possible!
Prince Ribbit hops awkwardly around. 😮 HP[+1]
You barely miss the vault guard.
The vault guard hits you with a +0 broad axe!!
* * * LOW HITPOINT WARNING * * *
😨 HP[-32]
You take 32 damage, and now have 43/138 hp.
MASSIVE DAMAGE!! (PAUSE)
You puncture the vault guard!
The vault guard hits you with a +0 broad axe!
* * * LOW HITPOINT WARNING * * *
😨 HP[-8]
You take 8 damage, and now have 35/138 hp.
You closely miss the vault guard. The vault guard misses you. 😨 HP[+1]
You puncture the vault guard!
The vault guard looks as sick as possible!
Prince Ribbit hits you!
* * * LOW HITPOINT WARNING * * *
😱 HP[-19]
You take 19 damage, and now have 17/138 hp.
Unknown command.
You closely miss the vault guard. Prince Ribbit hits you!
* * * LOW HITPOINT WARNING * * *
The vault guard hits you with a +0 broad axe.
You die...

Skill      XL: |  1  2  3  4  5  6  7  8 |
---------------+-------------------------+-----
Maces & Flails | 3 4 |  4.8
Fighting       | 5 6 7 9 |  9.4
Dodging        | 3 4 5 |  5.8
Throwing       | 1 3 5 |  5.0

Action                   |  1- 3 |  4- 6 |  7- 9 || total
-------------------------+-------+-------+-------++-------
Melee: Spear             |   154 |       |       ||   154
       Mace              |     6 |    41 |     5 ||    52
       Short sword       |       |    32 |   105 ||   137
       Punch             |       |     1 |       ||     1
Throw: Stone             |       |     8 |    35 ||    43
Invok: Berserk           |     2 |     3 |     5 ||    10
  Use: Scroll            |       |       |     5 ||     5
 Stab: Sleeping          |       |     1 |     1 ||     2
Armor: Animal skin       |    38 |     7 |       ||    45
       Troll leather arm |       |    27 |    22 ||    49
Dodge: Dodged            |    71 |    40 |    54 ||   165

Levels and vault maps discovered:
D:1:      co_arrival_square_in_a_square_in_a_square, layout_loops_corners,
          ebering_ecumenical_altar_rust
D:2:      layout_basic
D:3:      layout_basic, portal_sewer_entry_f, serial_shops,
          nicolae_shop_hallway_plus
D:4:      layout_loops_ring, minmay_temple_entry_enclosed_plants, serial_shops,
          nicolae_shop_bloodbath_and_beyond, uniq_menkaure
D:5:      layout_rooms
D:6:      layout_rooms, lemuel_round_altar
D:7:      layout_rooms, enter_bailey_2, uniq_joseph, uniq_duvessa
Bailey:   bailey_axe_froggy_fort_hellmonk, bailey

Notes
Turn   | Place    | Note
-------+----------+-------------------------------------------
     0 | D:1      | spaghetti the Ogre Berserker began the quest for the Orb.
     0 | D:1      | Reached XP level 1. HP: 24/24 MP: 1/1
     0 | D:1      | magus.rc [v1.9.6]
   100 | D:1      | Found a faded altar of an unknown god.
   252 | D:1      | Reached skill level 3 in Maces & Flails
   322 | D:1      | Reached XP level 2. HP: 32/32 MP: 2/2
   682 | D:1      | You add the spells Ignite Poison, Mephitic Cloud and
                  | Freezing Cloud to your library.
  1182 | D:2      | Reached XP level 3. HP: 40/40 MP: 3/3
  1366 | D:2      | Reached ** piety under Trog
  1954 | D:3      | You pick up a book of Transfigurations {forbidden@e2} and
                  | begin reading...
  1954 | D:3      | You add the spells Irradiate, Blade Hands and Dragon Form
                  | to your library.
  2125 | D:3      | Found Gaminiwin's Antique Weapon Emporium.
  2131 | D:3      | Bought a glowing mace for 114 gold pieces
  2141 | D:3      | Found a glowing drain.
  2145 | D:3      | Reached XP level 4. HP: 44/49 MP: 4/4
  2156 | D:3      | Reached skill level 4 in Maces & Flails
  2160 | Sewer    | Entered a sewer
  2295 | Sewer    | Noticed Pargi
  2302 | Sewer    | Killed Pargi
  2303 | Sewer    | Reached skill level 5 in Fighting
  2303 | Sewer    | Reached XP level 5. HP: 57/57 MP: 5/5
  2790 | D:3      | Identified the +8 short sword of Dithmenos's Approval
                  | {venom, Fly rElec Will- Dex+3}
  2962 | D:4      | You pick up a book of Minor Magic {forbidden} and begin
                  | reading...
  2962 | D:4      | You add the spells Magic Dart and Call Imp to your library.
  3006 | D:4      | Found a staircase to the Ecumenical Temple.
  3045 | D:4      | Found Niweleam's Weapon Shoppe.
  3179 | D:4      | Reached skill level 6 in Fighting
  3179 | D:4      | Reached skill level 3 in Dodging
  3179 | D:4      | Reached XP level 6. HP: 67/67 MP: 6/6
  3338 | D:4      | Noticed Menkaure
  3349 | D:4      | Killed Menkaure
  3350 | D:4      | Reached skill level 1 in Throwing
  3665 | D:5      | Entered Level 5 of the Dungeon
  3702 | D:5      | Reached XP level 7. HP: 65/76 MP: 7/7
  3837 | D:5      | Reached skill level 2 in Throwing
  3886 | D:5      | Reached skill level 7 in Fighting
  3961 | D:5      | Reached skill level 4 in Dodging
  4017 | D:5      | Reached *** piety under Trog
  4181 | D:6      | Reached skill level 3 in Throwing
  4237 | D:6      | Reached XP level 8. HP: 84/84 MP: 8/8
  4305 | D:6      | Reached skill level 8 in Fighting
  4455 | D:6      | Reached skill level 5 in Dodging
  4597 | D:6      | Found an iron altar of Okawaru.
  4603 | D:6      | Reached skill level 4 in Throwing
  4687 | D:7      | Found a flagged portal.
  4731 | D:7      | Identified the +9 dagger of Qitust {pain, *Corrode rN++
                  | MP+9 Dex+2}
  4748 | Bailey   | Entered a bailey
  4800 | Bailey   | Reached skill level 9 in Fighting
  4808 | Bailey   | Reached skill level 5 in Throwing
  4835 | Bailey   | Noticed a vault guard
  4835 | Bailey   | Noticed Prince Ribbit
  4849 | Bailey   | HP: 17/138 [Prince Ribbit (20)]
  4850 | Bailey   | HP: 4/138 [Prince Ribbit (14)]
  4850 | Bailey   | Slain by a vault guard

Vanquished Creatures
  2 humans (Bailey)
  Menkaure (D:4)
  A water moccasin (D:7)
  Pargi (Sewer)
  2 bullfrogs (Bailey)
  A necrophage (D:6)
  A scorpion (D:5)
  5 wights (D:6)
  3 hounds
  2 orc priests
  4 iguanas
  3 orc wizards
  5 gnolls
  3 adders
  A white imp (D:7)
  2 ufetubi (D:5)
  3 worms
  10 orcs
  5 bats
  4 endoplasms
  3 giant cockroaches
  9 goblins
  11 hobgoblins
  4 jackals (Sewer)
  A kobold (D:3)
  8 quokkas
  9 ball pythons
  3 frilled lizards
  6 rats
113 creatures vanquished.

Table legend:
 A = Non-vault XP
 B = Vault XP
 C = Vault XP percentage of total XP
 D = Non-vault monster count
 E = Vault monster count
 F = Vault count percentage of total count
                 A         B        C        D         E       F
            +---------+---------+-------+---------+---------+-------
      Total |    1383 |     930 |  40.2 |      93 |      20 |  17.7
            +---------+---------+-------+---------+---------+-------
        D:1 |      22 |       0 |   0.0 |      13 |       0 |   0.0
        D:2 |      42 |       0 |   0.0 |      21 |       0 |   0.0
        D:3 |      41 |       8 |  16.3 |      15 |       4 |  21.1
        D:4 |      88 |     183 |  67.5 |       9 |       1 |  10.0
        D:5 |     409 |       0 |   0.0 |      19 |       0 |   0.0
        D:6 |     624 |       0 |   0.0 |      14 |       0 |   0.0
        D:7 |     157 |       0 |   0.0 |       2 |       0 |   0.0
      Sewer |       0 |     144 | 100.0 |       0 |       5 | 100.0
     Bailey |       0 |     595 | 100.0 |       0 |      10 | 100.0
            +---------+---------+-------+---------+---------+-------

Illustrated notes

Table legend:
 A = Kills in this place as a percentage of kills in entire the game.
 B = Kills by you in this place as a percentage of kills by you in the entire game.
 C = Kills by friends in this place as a percentage of kills by friends in the entire game.
 D = Other kills in this place as a percentage of other kills in the entire game.
 E = Experience gained in this place as a percentage of experience gained in the entire game.
 F = Experience gained in this place divided by the number of levels of this place that you have seen.
                   A       B       C       D       E      F
               +-------+-------+-------+-------+-------+----------------------
         Total | 100.0 | 100.0 |   N/A |   N/A | 100.0 | 257.0
       Dungeon |  86.7 |  86.7 |   N/A |   N/A |  68.1 | 224.9
         Sewer |   4.4 |   4.4 |   N/A |   N/A |   6.2 | 144.0
        Bailey |   8.8 |   8.8 |   N/A |   N/A |  25.7 | 595.0
               +-------+-------+-------+-------+-------+----------------------

Table legend: (Time is in decaauts)
 A = Elapsed time spent in this place.
 B = Non-inter-level travel time spent in this place.
 C = Inter-level travel time spent in this place.
 D = Time resting spent in this place.
 E = Time spent auto-exploring this place.
 F = Levels seen in this place.
 G = Mean time per level.
                   A        B        C        D        E       F      G
               +--------+--------+--------+--------+--------+-----+--------+
         Total |   4976 |   4764 |    212 |    615 |   3253 |   9 |  552.9 |
       Dungeon |   4546 |   4334 |    212 |    499 |   3054 |   7 |  649.4 |
         Sewer |    328 |    328 |      0 |    116 |    152 |   1 |  328.0 |
        Bailey |    101 |    101 |      0 |      0 |     47 |   1 |  101.0 |
               +--------+--------+--------+--------+--------+-----+--------+

Top non-repeatable levels by time:
     D:1: 982 daAuts
     D:3: 873 daAuts
     D:2: 835 daAuts
     D:4: 739 daAuts
     D:6: 529 daAuts
     D:5: 490 daAuts
   Sewer: 328 daAuts
  Bailey: 101 daAuts
     D:7: 95 daAuts
